 Dungeon Crawl Stone Soup version 0.29-a0-284-gf9362112df (webtiles) character file.

Game seed: 14555803691679609466

18 spaghetti the Skirmisher (level 2, -9/35 HPs)
             Began as an Ogre Chaos Knight on Mar 20, 2022.
             Was an Initiate of Yredelemnul.
             Killed by nerve-wracking pain
             ... invoked by Jessica
              (10 damage)
             ... on level 3 of the Dungeon.
             The game lasted 00:00:49 (353 turns).

spaghetti the Skirmisher (Ogre Chaos Knight)         Turns: 353, Time: 00:00:50

Health: -9/35      AC:  5    Str: 15    XL:     2   Next: 70%
Magic:  2/2        EV:  9    Int: 13    God:    Yredelemnul [......]
Gold:   19         SH:  0    Dex:  8    Spells: 1/1 levels left

rFire   . . .      SeeInvis .   a - +0 mace (chaos) {mace}
rCold   . . .      Faith    .   (no shield)
rNeg    . . .      Spirit   .   b - +2 robe
rPois   .          Reflect  .   (helmet restricted)
rElec   .          Harm     .   (no cloak)
rCorr   .          Rampage  .   (gloves unavailable)
Will    .....                   (boots unavailable)
Stlth   +.........              (no amulet)
HPRegen 0.11/turn               (no ring)
MPRegen 0.08/turn               (no ring)

@: lethally poisoned (-9 -> -17)
A: large, unfitting armour, tough skin 1
a: Renounce Religion, Recall Undead Harvest


You were on level 3 of the Dungeon.
You worshipped Yredelemnul.
Yredelemnul was noncommittal.
You visited 1 branch of the dungeon, and saw 3 of its levels.

You collected 19 gold pieces.


Innate Abilities, Weirdness & Mutations

You are too large for most types of armour.
You have tough skin. (AC +1)


   Skills:
 + Level 5.2 Fighting
 - Level 2.6 Maces & Flails
 - Level 2.1 Dodging


You had one spell level left.
You didn't know any spells.
Your spell library was empty.

Inventory:

Hand Weapons
 a - a +0 mace of chaos (weapon) {mace}
Armour
 b - a +2 robe (worn)
Jewellery
 c - a ring of positive energy
   (You found it on level 2 of the Dungeon)

Dungeon Overview and Level Annotations

Branches:
Dungeon (3/15)

Altars:
Yredelemnul

Shops:
D:1 (

Annotations:
D:3 Jessica

..g.$..... .........
.@....... .o.......
#oo...... #........
#..o.....
#######........
#..@@gbZ.......
#########.#############
#<...............
#########+#######


You could see an orc wizard (distracted), Jessica (fast), a goblin, a bat (ally
target) and a friendly orc zombie.


Message History

There are monsters nearby!
Jessica and an orc come into view.
Jessica is wielding a +0 dagger and wearing a +1 robe of fire resistance.
The orc is wielding a +2 short sword of venom.
Jessica shouts!
The orc shouts!
You hear an angry hiss.
A goblin comes into view. It is wielding a +0 club.
You closely miss the orc.
The orc hits you with a +0 hand axe. 😕 HP[-4]
You take 4 damage, and now have 31/35 hp.
You thump the orc! Lightning courses through the orc!
You kill the orc!
Jessica casts a spell.
Jessica seems to speed up.
You closely miss the orc.
The orc hits you with a +0 short sword. 😕 HP[-3]
You take 3 damage, and now have 28/35 hp.
You hit the orc but do no damage.
Jessica gestures wildly while chanting.
Jessica blinks!
The orc hits you but does no damage.
Jessica says, "Why did you come here?" 😕 HP[+1]
You closely miss the orc. The orc hits you with a +0 short sword.
Jessica mumbles some strange words.
Jessica blinks!
The orc barely misses you. 😕 HP[-2]
You take 2 damage, and now have 27/35 hp.
You closely miss the orc. The orc completely misses you.
You hit the orc but do no damage. The orc closely misses you.
You completely miss the orc. The orc hits you with a +0 short sword.
The orc completely misses you. 😮 HP[-1]
You take 1 damage, and now have 26/35 hp.
You are too injured to fight recklessly!
You are too injured to fight recklessly!
You are too injured to fight recklessly!
You are too injured to fight recklessly!
You are too injured to fight recklessly!
You are too injured to fight recklessly!
You are too injured to fight recklessly!
You are too injured to fight recklessly!
You are too injured to fight recklessly!
You are too injured to fight recklessly!
You are too injured to fight recklessly!
You are too injured to fight recklessly!
You are too injured to fight recklessly!
You are too injured to fight recklessly!
You are too injured to fight recklessly!
You are too injured to fight recklessly!
Unknown command.
You hit the orc.
Space warps horribly around the orc!!
You kill the orc!
The orc throws a boomerang.
The boomerang hits you.
Jessica gestures wildly while chanting.
Jessica blinks! 😮 HP[-3]
You take 3 damage, and now have 23/35 hp.
The orc hits you with a +2 short sword of venom.
You are poisoned.
Things that are here:
a +0 short sword {short}; a +0 ring mail; a +0 hand axe {axe} 😮 HP[-1]
You take 1 damage, and now have 22/35 hp.
You barely miss the orc.
You feel very sick. The orc hits you but does no damage.
You are lethally poisoned! 😮 HP[-4]
You take 4 damage, and now have 18/35 hp.
You sock the orc! You freeze the orc.
You kill the orc!
A black mist starts to gather...
* * * LOW HITPOINT WARNING * * *
You feel very sick.
A bat comes into view.
Jessica hits your orc zombie with a +0 dagger. 😨 HP[-4]
You take 4 damage, and now have 14/35 hp.
You miss the goblin.
* * * LOW HITPOINT WARNING * * *
You feel very sick. The goblin hits you with a +0 club.
* * * LOW HITPOINT WARNING * * *
Jessica says, "I'm really upset."
The bat hits your orc zombie.
An orc wizard comes into view. It is wielding a +0 dagger.
The goblin hits you with a +0 club.
* * * LOW HITPOINT WARNING * * *
Jessica mumbles some strange words.
Jessica blinks!
Your orc zombie hits the bat. 😱 HP[-10]
You take 10 damage, and now have 4/35 hp.
MASSIVE DAMAGE!! (PAUSE)
You aren't carrying any potions.
You aren't carrying any scrolls.
You closely miss Jessica.
* * * LOW HITPOINT WARNING * * *
You feel very sick. Jessica casts a spell at you.
Pain shoots through your body!
You die...
Your body rises from the dead as a mindless zombie.

Skill      XL: |  1  2 |
---------------+-------+-----
Fighting       | 5 |  5.2
Maces & Flails | |  2.6
Dodging        | |  2.1

Action                   || total
-------------------------++-------
Melee: Mace              ||    30
Evoke: Piece from Xom's  ||     4
Armor: Robe              ||    14
Dodge: Dodged            ||    14

Levels and vault maps discovered:
D:1:      grunt_arrival_lava_bath, layout_rooms, serial_shops,
          nicolae_shop_statue_plus
D:2:      layout_basic, ebering_ecumenical_altar_hall
D:3:      layout_basic, ebering_ghost_sewer_f, uniq_natasha, uniq_jessica

Notes
Turn   | Place    | Note
-------+----------+-------------------------------------------
     0 | D:1      | spaghetti the Ogre Chaos Knight began the quest for the
                  | Orb.
     0 | D:1      | Reached XP level 1. HP: 24/24 MP: 1/1
     0 | D:1      | magus.rc [v1.9.6]
    14 | D:1      | Found Ykheosch's Weapon Shoppe.
    37 | D:2      | Found a faded altar of an unknown god.
    59 | D:2      | Prayed at the altar of an unknown god.
    59 | D:2      | Fell from the grace of Xom
    59 | D:2      | Became a worshipper of Yredelemnul the Dark
    59 | D:2      | Reached * piety under Yredelemnul
    70 | D:2      | Reached XP level 2. HP: 29/33 MP: 2/2
   256 | D:2      | Reached skill level 5 in Fighting
   332 | D:3      | Noticed Jessica
   352 | D:3      | HP: 8/35 [goblin/+0 club (1)]
   353 | D:3      | HP: 1/35 [poisoned by an orc]
   353 | D:3      | Killed from afar by Jessica

Vanquished Creatures
  A dart slug (D:1)
  3 orcs (D:3)
  An endoplasm (D:2)
  A giant cockroach (D:2)
  A quokka (D:2)
  2 bats (D:2)
  A rat (D:2)
10 creatures vanquished.

Vanquished Creatures (collateral kills)
  An endoplasm (D:2)
  A hobgoblin (D:2)
2 creatures vanquished.

Vanquished Creatures (others)
  A bat zombie (D:2)
1 creature vanquished.

Grand Total: 13 creatures vanquished

Table legend:
 A = Non-vault XP
 B = Vault XP
 C = Vault XP percentage of total XP
 D = Non-vault monster count
 E = Vault monster count
 F = Vault count percentage of total count
                 A         B        C        D         E       F
            +---------+---------+-------+---------+---------+-------
      Total |      27 |       0 |   0.0 |      12 |       0 |   0.0
            +---------+---------+-------+---------+---------+-------
        D:1 |       4 |       0 |   0.0 |       1 |       0 |   0.0
        D:2 |      14 |       0 |   0.0 |       8 |       0 |   0.0
        D:3 |       9 |       0 |   0.0 |       3 |       0 |   0.0
            +---------+---------+-------+---------+---------+-------

Illustrated notes

Table legend:
 A = Kills in this place as a percentage of kills in entire the game.
 B = Kills by you in this place as a percentage of kills by you in the entire game.
 C = Kills by friends in this place as a percentage of kills by friends in the entire game.
 D = Other kills in this place as a percentage of other kills in the entire game.
 E = Experience gained in this place as a percentage of experience gained in the entire game.
 F = Experience gained in this place divided by the number of levels of this place that you have seen.
                   A       B       C       D       E      F
               +-------+-------+-------+-------+-------+----------------------
         Total | 100.0 | 100.0 | 100.0 |   N/A | 100.0 |   9.0
       Dungeon | 100.0 | 100.0 | 100.0 |   N/A | 100.0 |   9.0
               +-------+-------+-------+-------+-------+----------------------

Table legend: (Time is in decaauts)
 A = Elapsed time spent in this place.
 B = Non-inter-level travel time spent in this place.
 C = Inter-level travel time spent in this place.
 D = Time resting spent in this place.
 E = Time spent auto-exploring this place.
 F = Levels seen in this place.
 G = Mean time per level.
                   A        B        C        D        E       F      G
               +--------+--------+--------+--------+--------+-----+--------+
         Total |    360 |    360 |      0 |      0 |    251 |   3 |  120.0 |
       Dungeon |    360 |    360 |      0 |      0 |    251 |   3 |  120.0 |
               +--------+--------+--------+--------+--------+-----+--------+

Top non-repeatable levels by time:
     D:2: 235 daAuts
     D:3: 94 daAuts
     D:1: 30 daAuts
